[ AOE2 MATCH · #505080326 ]
UnrankedFranks vs Bohemians
[ REPLAY ANALYSIS · EXTRACTED FROM THE RECORDED GAME ]
Feudal
8:04
Castle
22:10
Imperial
—
| APM avg | 68.5 |
| APM peak | 105 |
| eAPM avg | 31.0 |
| Villagers / military | 110 / 71 |
Focus
⚔️ 42.6% · 🌾 57.4%
Knight ×50 · Scout Cavalry ×11 · Mangonel ×6 · Scorpion ×2 · Spearman ×2
Feudal
9:52
Castle
18:58
Imperial
33:49
| APM avg | 92.7 |
| APM peak | 141 |
| eAPM avg | 53.2 |
| Villagers / military | 152 / 159 |
Focus
⚔️ 60.2% · 🌾 39.8%
Archer ×139 · Fishing Ship ×15 · Bombard Cannon ×11 · Spearman ×5 · Monk ×2 · Hand Cannoneer ×2
Feudal
9:00
Castle
18:11
Imperial
35:37
| APM avg | 81.9 |
| APM peak | 188 |
| eAPM avg | 45.7 |
| Villagers / military | 124 / 204 |
Focus
⚔️ 63.8% · 🌾 36.2%
Archer ×182 · Fishing Ship ×14 · Skirmisher ×13 · Militia ×6 · Spearman ×3
Feudal
9:44
Castle
22:57
Imperial
—
| APM avg | 80.7 |
| APM peak | 117 |
| eAPM avg | 40.7 |
| Villagers / military | 107 / 89 |
Focus
⚔️ 61.4% · 🌾 38.6%
Scout Cavalry ×75 · Fishing Ship ×13 · Camel Scout ×7 · Iron Pagoda ×4 · Battering Ram ×3
Match map
Initial resources + every placement click. Lines = walls · curves = elevation contours. ◆ gold · ⬟ stone · ● berries · ✦ relic · ◌ wall gap
Your base· ✓ Closed at 22:10 · 37t walls · 1 gate(s)
wR.Sebastian's base· ✓ Closed at 18:58 · 42t walls · no gate
TAG_Sitaux's base· ✓ Closed at 18:11 · 33t walls · no gate
Oni.Nacho's base· Open — 1t gap
Smoothed initial terrain · ◌ = detected wall gap · hover for details
Inputs per minute
— TAG_Smiley - - wR.Sebastian
Build order — TAG_Smiley
First 150 of 310 actions detected
| 0:01 | Create | Villager (Male) |
| 0:01 | Create | Villager (Male) |
| 0:04 | Research | Loom |
| 0:05 | Build | House |
| 0:07 | Build | House |
| 0:09 | Create | Villager (Male) |
| 0:09 | Create | Villager (Male) |
| 0:12 | Create | Villager (Male) |
| 0:13 | Create | Villager (Male) |
| 0:13 | Create | Villager (Male) |
| 1:08 | Create | Villager (Male) |
| 1:42 | Create | Villager (Male) |
| 1:43 | Create | Villager (Male) |
| 2:15 | Build | Lumber Camp |
| 2:25 | Create | Villager (Male) |
| 2:29 | Create | Villager (Male) |
| 3:04 | Build | House |
| 3:05 | Build | House |
| 3:14 | Build | House |
| 3:27 | Create | Villager (Male) |
| 3:28 | Create | Villager (Male) |
| 3:28 | Create | Villager (Male) |
| 3:33 | Create | Villager (Male) |
| 3:33 | Create | Villager (Male) |
| 4:13 | Create | Villager (Male) |
| 4:13 | Create | Villager (Male) |
| 4:22 | Build | House |
| 4:43 | Build | Mill |
| 5:19 | Create | Villager (Male) |
| 5:54 | Research | Feudal Age |
| 6:36 | Create | Villager (Male) |
| 7:18 | Build | Barracks |
| 8:04 | Age | Feudal Age |
| 8:15 | Build | Stable |
| 8:17 | Build | Palisade Wall |
| 8:24 | Build | House |
| 8:30 | Research | Double-Bit Axe |
| 8:31 | Research | Double-Bit Axe |
| 8:35 | Create | Villager (Male) |
| 8:48 | Build | House |
| 8:54 | Create | Villager (Male) |
| 8:54 | Create | Villager (Male) |
| 8:56 | Create | Scout Cavalry |
| 8:56 | Create | Scout Cavalry |
| 8:56 | Create | Scout Cavalry |
| 9:23 | Build | House |
| 9:29 | Create | Spearman |
| 9:33 | Create | Villager (Male) |
| 9:38 | Build | Palisade Wall |
| 9:41 | Build | Palisade Wall |
| 9:49 | Build | Farm |
| 9:50 | Build | Farm |
| 9:53 | Build | Farm |
| 10:02 | Create | Villager (Male) |
| 10:02 | Create | Villager (Male) |
| 10:06 | Build | Palisade Wall |
| 10:09 | Build | Palisade Wall |
| 10:51 | Create | Scout Cavalry |
| 10:51 | Create | Scout Cavalry |
| 10:58 | Create | Villager (Male) |
| 10:59 | Create | Villager (Male) |
| 11:09 | Build | Farm |
| 11:12 | Build | Blacksmith |
| 11:14 | Build | Palisade Wall |
| 11:22 | Create | Villager (Male) |
| 11:24 | Build | Farm |
| 11:27 | Build | Farm |
| 11:42 | Create | Scout Cavalry |
| 11:43 | Create | Spearman |
| 11:49 | Build | House |
| 11:50 | Build | House |
| 11:51 | Build | Palisade Wall |
| 11:55 | Build | Watch Tower |
| 12:00 | Create | Scout Cavalry |
| 12:17 | Build | Palisade Gate |
| 12:21 | Build | Palisade Wall |
| 12:26 | Create | Villager (Male) |
| 12:32 | Build | House |
| 12:37 | Create | Villager (Male) |
| 12:49 | Build | House |
| 12:55 | Build | Palisade Wall |
| 12:58 | Create | Villager (Male) |
| 13:14 | Build | House |
| 13:15 | Build | Palisade Wall |
| 13:21 | Create | Villager (Male) |
| 13:23 | Build | Mining Camp |
| 13:25 | Build | House |
| 13:50 | Create | Villager (Male) |
| 13:54 | Build | House |
| 14:01 | Create | Villager (Male) |
| 14:03 | Build | Farm |
| 14:08 | Create | Villager (Male) |
| 14:32 | Create | Villager (Male) |
| 14:35 | Build | House |
| 14:36 | Build | Palisade Wall |
| 14:51 | Create | Villager (Male) |
| 15:00 | Create | Villager (Male) |
| 15:03 | Build | Mining Camp |
| 15:06 | Build | Watch Tower |
| 15:11 | Create | Villager (Male) |
| 15:40 | Build | House |
| 15:49 | Create | Scout Cavalry |
| 15:53 | Build | Farm |
| 15:55 | Build | Farm |
| 16:04 | Create | Scout Cavalry |
| 16:16 | Create | Villager (Male) |
| 16:31 | Build | House |
| 16:35 | Build | House |
| 16:41 | Build | House |
| 16:42 | Build | House |
| 17:26 | Create | Villager (Male) |
| 17:30 | Build | Market |
| 17:35 | Build | House |
| 17:37 | Create | Villager (Male) |
| 17:39 | Build | Farm |
| 17:39 | Build | Farm |
| 17:40 | Build | Farm |
| 18:02 | Build | House |
| 18:03 | Build | House |
| 18:05 | Build | House |
| 18:12 | Build | Palisade Wall |
| 18:18 | Create | Villager (Male) |
| 18:21 | Build | House |
| 18:24 | Build | House |
| 18:32 | Create | Villager (Male) |
| 18:48 | Build | House |
| 19:02 | Build | Watch Tower |
| 19:19 | Create | Villager (Male) |
| 19:30 | Research | Castle Age |
| 19:34 | Build | House |
| 19:39 | Build | Stable |
| 19:51 | Build | House |
| 19:53 | Build | House |
| 19:56 | Build | House |
| 20:08 | Research | Scale Barding Armor |
| 21:04 | Create | Scout Cavalry |
| 21:05 | Create | Scout Cavalry |
| 21:24 | Build | House |
| 21:51 | Build | House |
| 22:02 | Build | House |
| 22:05 | Build | House |
| 22:10 | Age | Castle Age |
| 22:12 | Create | Knight |
| 22:12 | Create | Knight |
| 22:13 | Create | Villager (Male) |
| 22:13 | Create | Villager (Male) |
| 22:18 | Build | Mill |
| 22:18 | Build | Farm |
| 22:19 | Build | Farm |
| 22:19 | Build | Farm |
Build order — wR.Sebastian
First 150 of 532 actions detected
| 0:02 | Create | Villager (Male) |
| 0:03 | Build | House |
| 0:03 | Research | Loom |
| 0:04 | Build | House |
| 0:08 | Build | House |
| 0:08 | Create | Villager (Male) |
| 1:02 | Create | Villager (Male) |
| 1:17 | Create | Villager (Male) |
| 1:34 | Build | Lumber Camp |
| 1:45 | Create | Villager (Male) |
| 1:46 | Create | Villager (Male) |
| 2:01 | Create | Villager (Male) |
| 2:20 | Create | Villager (Male) |
| 2:21 | Create | Villager (Male) |
| 3:24 | Create | Villager (Male) |
| 3:34 | Build | Dock |
| 3:38 | Create | Villager (Male) |
| 4:05 | Build | House |
| 4:13 | Create | Fishing Ship |
| 4:13 | Create | Fishing Ship |
| 4:19 | Create | Villager (Male) |
| 4:47 | Create | Villager (Male) |
| 4:48 | Create | Villager (Male) |
| 4:48 | Create | Villager (Male) |
| 4:48 | Create | Villager (Male) |
| 4:49 | Create | Fishing Ship |
| 4:49 | Create | Fishing Ship |
| 5:12 | Create | Fishing Ship |
| 5:12 | Create | Fishing Ship |
| 5:28 | Create | Villager (Male) |
| 5:39 | Build | House |
| 5:42 | Create | Villager (Male) |
| 5:43 | Build | House |
| 5:52 | Create | Villager (Male) |
| 6:06 | Create | Fishing Ship |
| 6:18 | Create | Villager (Male) |
| 6:24 | Build | Palisade Wall |
| 6:25 | Build | Palisade Wall |
| 6:32 | Create | Fishing Ship |
| 7:05 | Create | Fishing Ship |
| 7:06 | Create | Villager (Male) |
| 7:12 | Build | House |
| 7:29 | Research | Feudal Age |
| 7:29 | Research | Feudal Age |
| 8:00 | Build | Lumber Camp |
| 8:22 | Build | Mining Camp |
| 8:35 | Create | Villager (Male) |
| 8:37 | Build | House |
| 9:07 | Build | Barracks |
| 9:15 | Build | Palisade Wall |
| 9:17 | Create | Villager (Male) |
| 9:20 | Build | Palisade Wall |
| 9:20 | Build | Palisade Wall |
| 9:52 | Age | Feudal Age |
| 9:54 | Build | Archery Range |
| 9:56 | Research | Double-Bit Axe |
| 9:59 | Create | Spearman |
| 10:05 | Build | Palisade Wall |
| 10:05 | Build | Palisade Wall |
| 10:06 | Build | Palisade Wall |
| 10:06 | Build | Palisade Wall |
| 10:10 | Create | Villager (Male) |
| 10:12 | Create | Villager (Male) |
| 10:23 | Create | Spearman |
| 10:29 | Build | Palisade Wall |
| 10:30 | Build | Palisade Wall |
| 10:31 | Build | Palisade Wall |
| 10:32 | Build | Palisade Wall |
| 10:33 | Build | Palisade Wall |
| 10:34 | Create | Spearman |
| 10:34 | Create | Archer |
| 10:36 | Build | Palisade Wall |
| 10:38 | Build | Palisade Wall |
| 10:43 | Create | Spearman |
| 10:49 | Research | Wheelbarrow |
| 10:51 | Create | Spearman |
| 10:53 | Build | Palisade Wall |
| 11:00 | Create | Archer |
| 11:07 | Research | Tech 906 |
| 11:08 | Create | Archer |
| 11:10 | Create | Villager (Male) |
| 11:12 | Create | Archer |
| 11:21 | Create | Villager (Male) |
| 11:22 | Build | Palisade Wall |
| 11:28 | Create | Fishing Ship |
| 11:38 | Build | House |
| 11:40 | Research | Town Watch |
| 11:42 | Create | Archer |
| 12:07 | Create | Villager (Male) |
| 12:09 | Build | Mill |
| 12:11 | Create | Villager (Male) |
| 12:15 | Build | Palisade Wall |
| 12:21 | Build | Dock |
| 12:29 | Create | Villager (Male) |
| 12:32 | Create | Archer |
| 12:34 | Create | Villager (Male) |
| 12:41 | Create | Villager (Male) |
| 12:43 | Build | Blacksmith |
| 12:47 | Create | Villager (Male) |
| 12:51 | Create | Fishing Ship |
| 12:57 | Create | Archer |
| 13:04 | Create | Villager (Male) |
| 13:09 | Create | Fishing Ship |
| 13:12 | Build | House |
| 13:16 | Build | House |
| 13:16 | Build | House |
| 13:26 | Build | House |
| 13:29 | Build | House |
| 13:34 | Create | Fishing Ship |
| 13:38 | Create | Archer |
| 13:44 | Research | Fletching |
| 13:44 | Research | Fletching |
| 13:49 | Create | Archer |
| 13:52 | Create | Villager (Male) |
| 13:55 | Build | House |
| 13:56 | Build | House |
| 14:03 | Create | Fishing Ship |
| 14:08 | Create | Villager (Male) |
| 14:09 | Build | Palisade Wall |
| 14:11 | Create | Archer |
| 14:17 | Build | House |
| 14:27 | Create | Fishing Ship |
| 14:34 | Create | Archer |
| 14:36 | Create | Villager (Male) |
| 14:38 | Build | House |
| 14:39 | Build | House |
| 14:50 | Create | Villager (Male) |
| 15:16 | Create | Archer |
| 15:18 | Create | Archer |
| 15:28 | Create | Villager (Male) |
| 15:34 | Create | Villager (Male) |
| 15:47 | Create | Villager (Male) |
| 16:16 | Research | Castle Age |
| 16:16 | Research | Castle Age |
| 16:17 | Create | Archer |
| 16:21 | Build | Archery Range |
| 16:34 | Create | Archer |
| 16:45 | Research | Horse Collar |
| 16:46 | Research | Padded Archer Armor |
| 16:46 | Research | Padded Archer Armor |
| 16:49 | Create | Villager (Male) |
| 16:59 | Create | Archer |
| 17:07 | Create | Archer |
| 17:23 | Create | Archer |
| 17:24 | Create | Villager (Male) |
| 17:26 | Build | Archery Range |
| 17:32 | Create | Villager (Male) |
| 17:34 | Build | House |
| 17:38 | Research | Horse Collar |
| 17:40 | Create | Villager (Male) |
Build order — TAG_Sitaux
First 150 of 508 actions detected
| 0:00 | Create | Villager (Male) |
| 0:01 | Create | Villager (Male) |
| 0:02 | Build | House |
| 0:02 | Build | House |
| 0:04 | Research | Loom |
| 0:04 | Research | Loom |
| 0:06 | Build | House |
| 0:09 | Create | Villager (Male) |
| 0:09 | Create | Villager (Male) |
| 0:21 | Create | Villager (Male) |
| 0:21 | Create | Villager (Male) |
| 1:18 | Build | Lumber Camp |
| 1:20 | Create | Villager (Male) |
| 2:02 | Create | Villager (Male) |
| 2:03 | Create | Villager (Male) |
| 2:26 | Create | Villager (Male) |
| 2:27 | Create | Villager (Male) |
| 2:59 | Build | Dock |
| 3:20 | Create | Villager (Male) |
| 3:25 | Create | Villager (Male) |
| 3:37 | Create | Fishing Ship |
| 3:53 | Create | Villager (Male) |
| 3:53 | Create | Villager (Male) |
| 4:13 | Create | Fishing Ship |
| 4:14 | Create | Fishing Ship |
| 4:17 | Create | Villager (Male) |
| 4:17 | Create | Villager (Male) |
| 4:22 | Build | House |
| 4:45 | Create | Villager (Male) |
| 4:45 | Create | Villager (Male) |
| 4:58 | Create | Fishing Ship |
| 4:58 | Create | Fishing Ship |
| 5:03 | Create | Villager (Male) |
| 5:03 | Create | Villager (Male) |
| 5:32 | Create | Villager (Male) |
| 5:34 | Create | Fishing Ship |
| 5:34 | Create | Fishing Ship |
| 5:42 | Build | House |
| 6:11 | Create | Villager (Male) |
| 6:46 | Build | Barracks |
| 6:50 | Research | Feudal Age |
| 7:29 | Build | Mining Camp |
| 7:35 | Build | Palisade Wall |
| 7:37 | Build | Palisade Wall |
| 7:38 | Create | Militia |
| 7:39 | Create | Militia |
| 7:39 | Create | Militia |
| 7:46 | Create | Fishing Ship |
| 7:53 | Build | House |
| 7:54 | Create | Militia |
| 8:12 | Create | Fishing Ship |
| 8:25 | Create | Militia |
| 8:43 | Create | Militia |
| 8:59 | Build | House |
| 9:00 | Age | Feudal Age |
| 9:03 | Research | Man-at-Arms (upgrade) |
| 9:03 | Research | Man-at-Arms (upgrade) |
| 9:08 | Create | Villager (Male) |
| 9:11 | Build | Archery Range |
| 9:18 | Research | Double-Bit Axe |
| 9:18 | Research | Double-Bit Axe |
| 9:29 | Create | Villager (Male) |
| 9:32 | Create | Fishing Ship |
| 9:48 | Build | House |
| 9:59 | Create | Villager (Male) |
| 10:01 | Build | Dock |
| 10:10 | Create | Archer |
| 10:16 | Create | Villager (Male) |
| 10:20 | Create | Archer |
| 10:30 | Research | Arson |
| 10:38 | Create | Fishing Ship |
| 10:40 | Create | Archer |
| 10:43 | Build | House |
| 10:49 | Create | Villager (Male) |
| 10:54 | Create | Villager (Male) |
| 10:55 | Build | House |
| 10:56 | Build | Palisade Wall |
| 11:03 | Create | Archer |
| 11:11 | Create | Villager (Male) |
| 11:16 | Build | House |
| 11:18 | Create | Fishing Ship |
| 11:39 | Create | Archer |
| 11:39 | Create | Villager (Male) |
| 11:40 | Create | Spearman |
| 11:49 | Build | Palisade Wall |
| 11:50 | Build | Palisade Wall |
| 11:54 | Create | Villager (Male) |
| 12:01 | Create | Archer |
| 12:05 | Create | Spearman |
| 12:23 | Create | Villager (Male) |
| 12:28 | Build | Blacksmith |
| 12:46 | Create | Archer |
| 12:49 | Create | Villager (Male) |
| 13:05 | Create | Spearman |
| 13:06 | Create | Archer |
| 13:13 | Research | Fletching |
| 13:13 | Research | Fletching |
| 13:15 | Create | Villager (Male) |
| 13:33 | Create | Archer |
| 13:34 | Create | Villager (Male) |
| 13:36 | Build | House |
| 13:40 | Build | Dock |
| 13:55 | Create | Fishing Ship |
| 13:55 | Create | Fishing Ship |
| 14:08 | Build | Mill |
| 14:16 | Create | Archer |
| 14:22 | Create | Villager (Male) |
| 14:26 | Build | House |
| 14:43 | Create | Archer |
| 15:06 | Create | Villager (Male) |
| 15:29 | Research | Castle Age |
| 15:29 | Research | Castle Age |
| 15:31 | Build | Archery Range |
| 15:37 | Create | Archer |
| 15:51 | Build | Lumber Camp |
| 16:03 | Create | Archer |
| 16:29 | Build | Archery Range |
| 16:42 | Build | Palisade Wall |
| 16:42 | Build | Palisade Wall |
| 16:43 | Create | Archer |
| 16:44 | Create | Archer |
| 16:50 | Build | House |
| 16:54 | Create | Archer |
| 16:55 | Create | Archer |
| 17:11 | Research | Padded Archer Armor |
| 17:12 | Research | Padded Archer Armor |
| 17:12 | Create | Archer |
| 17:16 | Research | Gold Mining |
| 17:16 | Research | Gold Mining |
| 17:43 | Research | Tech 906 |
| 17:43 | Research | Tech 906 |
| 17:53 | Create | Archer |
| 17:55 | Create | Archer |
| 17:59 | Create | Archer |
| 18:01 | Create | Archer |
| 18:11 | Age | Castle Age |
| 18:18 | Research | Crossbowman (upgrade) |
| 18:18 | Research | Crossbowman (upgrade) |
| 18:18 | Research | Bodkin Arrow |
| 18:19 | Research | Bodkin Arrow |
| 18:20 | Create | Villager (Male) |
| 18:21 | Build | University |
| 18:27 | Build | Palisade Wall |
| 18:28 | Create | Archer |
| 18:32 | Create | Archer |
| 18:32 | Create | Archer |
| 18:43 | Create | Archer |
| 18:44 | Create | Archer |
| 18:46 | Create | Archer |
| 18:48 | Create | Villager (Male) |
Build order — Oni.Nacho
First 150 of 345 actions detected
| 0:01 | Create | Villager (Male) ×4 |
| 0:03 | Build | House |
| 0:04 | Build | House |
| 0:23 | Research | Loom |
| 0:24 | Create | Villager (Male) |
| 0:29 | Create | Villager (Male) |
| 0:29 | Create | Villager (Male) |
| 0:31 | Create | Villager (Male) |
| 0:31 | Create | Villager (Male) |
| 1:00 | Create | Villager (Male) |
| 1:01 | Create | Villager (Male) |
| 1:38 | Create | Villager (Male) |
| 1:38 | Create | Villager (Male) |
| 1:38 | Create | Villager (Male) |
| 1:59 | Build | Lumber Camp |
| 2:05 | Create | Villager (Male) |
| 2:06 | Create | Villager (Male) |
| 2:46 | Create | Villager (Male) |
| 3:21 | Create | Villager (Male) |
| 3:23 | Build | House |
| 3:43 | Create | Villager (Male) |
| 3:43 | Create | Villager (Male) |
| 3:50 | Create | Villager (Male) |
| 3:51 | Create | Villager (Male) |
| 3:51 | Create | Villager (Male) |
| 3:55 | Build | House |
| 4:02 | Create | Villager (Male) |
| 4:46 | Create | Villager (Male) |
| 5:07 | Create | Villager (Male) |
| 5:15 | Build | Dock |
| 5:56 | Create | Fishing Ship |
| 6:01 | Build | Palisade Wall |
| 6:01 | Build | Palisade Wall |
| 6:03 | Build | Palisade Wall |
| 6:18 | Create | Fishing Ship |
| 6:44 | Create | Villager (Male) |
| 6:50 | Build | House |
| 7:07 | Create | Fishing Ship |
| 7:16 | Build | Palisade Wall |
| 7:18 | Build | Palisade Wall |
| 7:19 | Build | Palisade Wall |
| 7:22 | Create | Villager (Male) |
| 7:24 | Build | House |
| 7:34 | Research | Feudal Age |
| 7:34 | Research | Feudal Age |
| 7:57 | Build | Palisade Wall |
| 8:20 | Build | Palisade Wall |
| 8:42 | Build | Barracks |
| 8:49 | Create | Fishing Ship |
| 9:04 | Create | Fishing Ship |
| 9:10 | Build | House |
| 9:13 | Build | Palisade Wall |
| 9:36 | Create | Villager (Male) |
| 9:37 | Create | Villager (Male) |
| 9:44 | Age | Feudal Age |
| 9:47 | Build | Stable |
| 9:48 | Research | Double-Bit Axe |
| 9:56 | Create | Villager (Male) |
| 10:03 | Build | House |
| 10:05 | Build | House |
| 10:16 | Build | Palisade Wall |
| 10:18 | Build | Palisade Wall |
| 10:21 | Build | House |
| 10:24 | Build | Palisade Wall |
| 10:27 | Create | Scout Cavalry |
| 10:33 | Create | Scout Cavalry |
| 10:36 | Create | Fishing Ship |
| 10:40 | Create | Villager (Male) |
| 10:53 | Create | Villager (Male) |
| 11:10 | Create | Scout Cavalry |
| 11:11 | Create | Villager (Male) |
| 11:16 | Build | Lumber Camp |
| 11:19 | Create | Fishing Ship |
| 11:27 | Create | Villager (Male) |
| 11:37 | Create | Scout Cavalry |
| 11:39 | Create | Villager (Male) |
| 11:56 | Create | Villager (Male) |
| 12:03 | Create | Scout Cavalry |
| 12:07 | Create | Villager (Male) |
| 12:09 | Build | Blacksmith |
| 12:22 | Create | Fishing Ship |
| 12:32 | Build | House |
| 12:33 | Create | Scout Cavalry |
| 12:46 | Create | Villager (Male) |
| 12:50 | Build | Palisade Wall |
| 12:59 | Research | Forging |
| 12:59 | Research | Forging |
| 13:00 | Build | Pasture |
| 13:03 | Build | Pasture |
| 13:16 | Research | Scale Barding Armor |
| 13:23 | Build | House |
| 13:26 | Build | Palisade Wall |
| 13:32 | Create | Scout Cavalry |
| 13:33 | Create | Villager (Male) |
| 13:36 | Create | Fishing Ship |
| 13:47 | Create | Scout Cavalry |
| 13:54 | Build | House |
| 13:56 | Create | Scout Cavalry |
| 13:58 | Create | Villager (Male) |
| 14:03 | Build | House |
| 14:04 | Build | Palisade Wall |
| 14:13 | Create | Villager (Male) |
| 14:18 | Create | Fishing Ship |
| 14:23 | Create | Scout Cavalry |
| 14:31 | Build | Pasture |
| 14:33 | Create | Scout Cavalry |
| 14:43 | Create | Villager (Male) |
| 14:45 | Build | Mill |
| 14:49 | Build | Palisade Wall |
| 14:50 | Build | Palisade Wall |
| 15:05 | Create | Scout Cavalry |
| 15:08 | Build | Pasture |
| 15:22 | Create | Villager (Male) |
| 15:31 | Create | Fishing Ship |
| 15:37 | Build | House |
| 15:48 | Create | Villager (Male) |
| 16:01 | Create | Villager (Male) |
| 16:11 | Create | Scout Cavalry |
| 16:18 | Create | Villager (Male) |
| 16:18 | Create | Villager (Male) |
| 16:23 | Build | House |
| 16:27 | Create | Fishing Ship |
| 16:32 | Build | Pasture |
| 16:34 | Build | House |
| 16:35 | Build | House |
| 16:38 | Create | Villager (Male) |
| 16:38 | Create | Villager (Male) |
| 16:41 | Create | Villager (Male) |
| 16:51 | Create | Villager (Male) |
| 17:09 | Create | Villager (Male) |
| 17:18 | Create | Villager (Male) |
| 17:29 | Create | Villager (Male) |
| 17:32 | Build | Pasture |
| 17:40 | Create | Villager (Male) |
| 17:58 | Create | Villager (Male) |
| 18:13 | Build | House |
| 18:17 | Create | Villager (Male) |
| 18:19 | Build | Mining Camp |
| 18:46 | Create | Villager (Male) |
| 18:51 | Build | Market |
| 19:08 | Build | House |
| 19:17 | Build | Watch Tower |
| 19:40 | Build | House |
| 19:46 | Build | House |
| 20:17 | Research | Castle Age |
| 20:17 | Research | Castle Age |
| 21:13 | Build | Stable |
| 21:21 | Create | Scout Cavalry |
| 21:25 | Create | Villager (Male) |
| 21:34 | Build | House |
Match timeline
| 2:59 | TAG_Sitaux · first_building Dock |
| 3:34 | wR.Sebastian · first_building Dock |
| 5:15 | Oni.Nacho · first_building Dock |
| 6:01 | Oni.Nacho · wall_segment Palisade Wall x1 |
| 6:01 | Oni.Nacho · wall_segment Palisade Wall x1 |
| 6:03 | Oni.Nacho · wall_segment Palisade Wall x1 |
| 6:24 | wR.Sebastian · wall_segment Palisade Wall x1 |
| 6:25 | wR.Sebastian · wall_segment Palisade Wall x1 |
| 6:46 | TAG_Sitaux · first_building Barracks |
| 7:16 | Oni.Nacho · wall_segment Palisade Wall x1 |
| 7:18 | TAG_Smiley · first_building Barracks |
| 7:18 | Oni.Nacho · wall_segment Palisade Wall x1 |
| 7:19 | Oni.Nacho · wall_segment Palisade Wall x1 |
| 7:35 | TAG_Sitaux · wall_segment Palisade Wall x1 |
| 7:37 | TAG_Sitaux · wall_segment Palisade Wall x1 |
| 7:57 | Oni.Nacho · wall_segment Palisade Wall x11 |
| 8:04 | TAG_Smiley · age_up feudal |
| 8:15 | TAG_Smiley · first_building Stable |
| 8:17 | TAG_Smiley · wall_segment Palisade Wall x1 |
| 8:20 | Oni.Nacho · wall_segment Palisade Wall x7 |
| 8:42 | Oni.Nacho · first_building Barracks |
| 9:00 | TAG_Sitaux · age_up feudal |
| 9:07 | wR.Sebastian · first_building Barracks |
| 9:11 | TAG_Sitaux · first_building Archery Range |
| 9:13 | Oni.Nacho · wall_segment Palisade Wall x5 |
| 9:15 | wR.Sebastian · wall_segment Palisade Wall x10 |
| 9:20 | wR.Sebastian · wall_segment Palisade Wall x1 |
| 9:20 | wR.Sebastian · wall_segment Palisade Wall x1 |
| 9:38 | TAG_Smiley · wall_segment Palisade Wall x7 |
| 9:41 | TAG_Smiley · wall_segment Palisade Wall x1 |
| 9:44 | Oni.Nacho · age_up feudal |
| 9:47 | Oni.Nacho · first_building Stable |
| 9:52 | wR.Sebastian · age_up feudal |
| 9:54 | wR.Sebastian · first_building Archery Range |
| 10:05 | wR.Sebastian · wall_segment Palisade Wall x1 |
| 10:05 | wR.Sebastian · wall_segment Palisade Wall x1 |
| 10:06 | wR.Sebastian · wall_segment Palisade Wall x1 |
| 10:06 | TAG_Smiley · wall_segment Palisade Wall x6 |
| 10:06 | wR.Sebastian · wall_segment Palisade Wall x1 |
| 10:09 | TAG_Smiley · wall_segment Palisade Wall x1 |
| 10:16 | Oni.Nacho · wall_segment Palisade Wall x2 |
| 10:18 | Oni.Nacho · wall_segment Palisade Wall x1 |
| 10:24 | Oni.Nacho · wall_segment Palisade Wall x2 |
| 10:29 | wR.Sebastian · wall_segment Palisade Wall x1 |
| 10:30 | wR.Sebastian · wall_segment Palisade Wall x1 |
| 10:31 | wR.Sebastian · wall_segment Palisade Wall x1 |
| 10:32 | wR.Sebastian · wall_segment Palisade Wall x2 |
| 10:33 | wR.Sebastian · wall_segment Palisade Wall x3 |
| 10:36 | wR.Sebastian · wall_segment Palisade Wall x3 |
| 10:38 | wR.Sebastian · wall_segment Palisade Wall x4 |
| 10:53 | wR.Sebastian · wall_segment Palisade Wall x2 |
| 10:56 | TAG_Sitaux · wall_segment Palisade Wall x4 |
| 11:14 | TAG_Smiley · wall_segment Palisade Wall x1 |
| 11:22 | wR.Sebastian · wall_segment Palisade Wall x1 |
| 11:49 | TAG_Sitaux · wall_segment Palisade Wall x11 |
| 11:50 | TAG_Sitaux · wall_segment Palisade Wall x15 |
| 11:51 | TAG_Smiley · wall_segment Palisade Wall x1 |
| 12:15 | wR.Sebastian · wall_segment Palisade Wall x1 |
| 12:21 | TAG_Smiley · wall_segment Palisade Wall x1 |
| 12:50 | Oni.Nacho · wall_segment Palisade Wall x1 |
| 12:55 | TAG_Smiley · wall_segment Palisade Wall x6 |
| 13:15 | TAG_Smiley · wall_segment Palisade Wall x6 |
| 13:26 | Oni.Nacho · wall_segment Palisade Wall x10 |
| 14:04 | Oni.Nacho · wall_segment Palisade Wall x1 |
| 14:09 | wR.Sebastian · wall_segment Palisade Wall x1 |
| 14:36 | TAG_Smiley · wall_segment Palisade Wall x5 |
| 14:49 | Oni.Nacho · wall_segment Palisade Wall x1 |
| 14:50 | Oni.Nacho · wall_segment Palisade Wall x2 |
| 16:42 | TAG_Sitaux · wall_segment Palisade Wall x1 |
| 16:42 | TAG_Sitaux · wall_segment Palisade Wall x1 |
| 18:03 | wR.Sebastian · wall_segment Palisade Wall x1 |
| 18:11 | TAG_Sitaux · age_up castle |
| 18:12 | TAG_Smiley · wall_segment Palisade Wall x1 |
| 18:27 | TAG_Sitaux · wall_segment Palisade Wall x1 |
| 18:36 | wR.Sebastian · wall_segment Palisade Wall x2 |
| 18:36 | wR.Sebastian · wall_segment Palisade Wall x1 |
| 18:58 | wR.Sebastian · age_up castle |
| 19:21 | TAG_Smiley · first_market_sell 100 wood |
| 20:16 | Oni.Nacho · first_market_sell 100 food |
| 20:59 | wR.Sebastian · first_market_sell 100 food |
| 22:10 | TAG_Smiley · age_up castle |
| 22:57 | Oni.Nacho · age_up castle |
| 23:02 | TAG_Sitaux · wall_segment Palisade Wall x1 |
| 23:11 | Oni.Nacho · first_market_buy 100 stone |
| 23:56 | wR.Sebastian · first_building Monastery |
| 24:27 | TAG_Sitaux · wall_segment Palisade Wall x1 |
| 24:54 | Oni.Nacho · first_building Siege Workshop |
| 29:41 | TAG_Smiley · first_building Siege Workshop |
| 29:56 | TAG_Sitaux · first_market_sell 100 wood |
| 29:59 | TAG_Sitaux · first_market_buy 100 stone |
| 30:09 | wR.Sebastian · wall_segment Stone Wall x12 |
| 31:27 | TAG_Sitaux · first_building Monastery |
| 33:49 | wR.Sebastian · age_up imperial |
| 33:53 | wR.Sebastian · wall_segment Stone Wall x1 |
| 34:08 | wR.Sebastian · first_building Siege Workshop |
| 35:37 | TAG_Sitaux · age_up imperial |
| 35:47 | TAG_Smiley · first_market_buy 100 stone |
| 35:47 | wR.Sebastian · first_market_buy 100 stone |
| 37:50 | Oni.Nacho · first_building Monastery |
| 38:10 | wR.Sebastian · first_building Castle |
| 38:13 | TAG_Sitaux · resign |
| 38:16 | wR.Sebastian · tribute_sent a jugador 2 |
| 38:16 | wR.Sebastian · tribute_sent a jugador 3 |
| 38:16 | wR.Sebastian · tribute_sent a jugador 4 |
[ AI ANALYSIS · 1 CREDIT ]
What really happened in this match?
Wolo.gg analyzes every decision: build order, eco, micro, common mistakes by bracket. Personalized analysis on WhatsApp or Discord in 30 seconds.
Civ guide
Franks
Perfil
Jugador #18004412